 Dungeon Crawl Stone Soup version 0.30-a0-571-gdf30a72648 (webtiles) character file.

Game seed: 18264055048732651714

1947880 TrayleKats the Acrobat (level 27, 228/228 HPs)
             Began as a Djinni Conjurer on Dec 28, 2022.
             Was the Champion of Ashenzari.
             Escaped with the Orb
             ... and 3 runes on Dec 30, 2022!
             The game lasted 02:28:29 (54087 turns).

TrayleKats the Acrobat (Djinni Conjurer)           Turns: 54087, Time: 02:28:29

Health: 228/228    AC: 39    Str: 13    XL:     27
Gold:   3078       EV: 21    Int: 32    God:    Ashenzari [******] SH: 24 Dex: 26

rFire   + + +      SeeInvis +    O - +8 demon blade of the Prescient Ether {drain, Contam Str+5 SInv, Melee, Self} (curse)
rCold   + . .      Faith    +    Q - +5 kite shield of the Tethered Suspicion {rC+, Melee, Evo} (curse)
rNeg    . . .      Spirit   .    f - +1 storm dragon scales of the Cursed Stars {rElec Dex+6, Self, Fort} (curse)
rPois   ∞          Reflect  .    a - +1 helmet of Supernal Gnosis {Fort, Self} (curse)
rElec   +          Harm     .    q - +4 dragonskin cloak {Self, Melee} (curse)
rCorr   +          Rampage  .    h - +3 pair of gauntlets of War {Slay+5, Melee, Fort} (curse)
Will    ++++.      Clarity  +    (boots unavailable)
Stlth   +                        D - amulet "Tethered Together" {Faith rF++ rC+ Regen+ Int-2, Self, Cun} (curse)
HPRegen 1.38/turn                L - ring of Ashenzari's Augurer {AC+4 Int+3, Evo, Self} (curse)
MPRegen 0.00/turn                k - ring of the Omniscient Sky {Will++ rCorr Str+4 Dex+5, Melee, Fort} (curse)

@: flying
A: sickness immunity, fire resistance 2, cold vulnerability 1, float, innate
caster, HP casting, extra vitality 1, mutation resistance 1, weak 1
0: Orb of Zot
}: 3/15 runes: serpentine, barnacled, silver
a: Renounce Religion, Shatter the Chains


You escaped.
You worshipped Ashenzari.
Ashenzari was exalted by your worship.
You visited 10 branches of the dungeon, and saw 47 of its levels.
You visited 1 bazaar.
You also visited: Trove, Ice Cave, Wizlab and Desolation.

You collected 8708 gold pieces.
You spent 5630 gold pieces at shops.

Inventory:

Hand Weapons
 O - the cursed +8 demon blade of the Prescient Ether (weapon) {drain, Contam Str+5 SInv, Melee, Self}
   (You found it on level 12 of the Dungeon)

   A truly terrible weapon, it drains the life of any living foe it strikes.
   Str:       It affects your strength (+5).
   SInv:      It lets you see invisible.
   Contam:    It causes magical contamination when unequipped.
   It has a curse which improves the following skills: Melee Combat: Short
   Blades, Long Blades, Axes, Maces & Flails, Polearms, Staves and Unarmed
   Combat.
   Introspection: Fighting and Spellcasting.
Missiles
 i - 4 boomerangs of dispersal
 p - 12 throwing nets
Armour
 a - the cursed +1 helmet of Supernal Gnosis (worn) {Fort, Self}
   (You found it on level 1 of the Lair of Beasts)

   It has a curse which improves the following skills: Fortitude: Armour and
   Shields.
   Introspection: Fighting and Spellcasting.
 f - the cursed +1 storm dragon scales of the Cursed Stars (worn) {rElec Dex+6, Self, Fort}
   (You found it in a treasure trove)

   Dex:       It affects your dexterity (+6).
   rElec:     It insulates you from electricity.
   It has a curse which improves the following skills: Introspection: Fighting
   and Spellcasting.
   Fortitude: Armour and Shields.
 h - the cursed +3 pair of gauntlets of War (worn) {Slay+5, Melee, Fort}
   (You acquired it on level 2 of the Vaults)

   Slay:      It affects your accuracy & damage with ranged weapons and melee
   (+5).
   It has a curse which improves the following skills: Melee Combat: Short
   Blades, Long Blades, Axes, Maces & Flails, Polearms, Staves and Unarmed
   Combat.
   Fortitude: Armour and Shields.
 m - +0 gold dragon scales
 q - the cursed +4 dragonskin cloak (worn) {Self, Melee}
   (You took it off Tiamat on level 1 of the Realm of Zot)

   It grants the wearer a chance to resist fire, cold, poison, electricity,
   acid, and negative energy.
   It has a curse which improves the following skills: Introspection: Fighting
   and Spellcasting.
   Melee Combat: Short Blades, Long Blades, Axes, Maces & Flails, Polearms,
   Staves and Unarmed Combat.
 x - +4 fire dragon scales {Xtahua}
 Q - the cursed +5 kite shield of the Tethered Suspicion (worn) {rC+, Melee, Evo}
   (You found it in an ice cave)

   It has a curse which improves the following skills: Melee Combat: Short
   Blades, Long Blades, Axes, Maces & Flails, Polearms, Staves and Unarmed
   Combat.
   Evocations: Evocations.
 R - the +10 plate armour of the Dice {rPois}
   (You found it on level 5 of the Vaults)

   rPois:     It protects you from poison.
Jewellery
 b - the ring "Ucesap" {Fire rElec rPois Slay+2}
   (You bought it in a shop in a bazaar)

   [ring of fire]

   It enhances your fire magic.
   Slay:      It affects your accuracy & damage with ranged weapons and melee
   (+2).
   rF:        It protects you from fire.
   rC:        It makes you vulnerable to cold.
   rElec:     It insulates you from electricity.
   rPois:     It protects you from poison.
 k - the cursed ring of the Omniscient Sky (right hand) {Will++ rCorr Str+4 Dex+5, Melee, Fort}
   (You bought it in a shop in a bazaar)

   [ring of resist corrosion]

   Str:       It affects your strength (+4).
   Dex:       It affects your dexterity (+5).
   rCorr:     It protects you from acid and corrosion.
   Will:      It greatly increases your willpower.
   It has a curse which improves the following skills: Melee Combat: Short
   Blades, Long Blades, Axes, Maces & Flails, Polearms, Staves and Unarmed
   Combat.
   Fortitude: Armour and Shields.
 w - a ring of wizardry
 D - the cursed amulet "Tethered Together" (around neck) {Faith rF++ rC+ Regen+ Int-2, Self, Cun}
   (You bought it in a shop on level 3 of the Depths)

   [amulet of faith]

   It allows you to gain divine favour quickly.
   Int:       It affects your intelligence (-2).
   rF:        It greatly protects you from fire.
   rC:        It protects you from cold.
   Regen:     It increases your rate of health regeneration.
   It has a curse which improves the following skills: Introspection: Fighting
   and Spellcasting.
   Cunning:   Dodging and Stealth.
 L - the cursed ring of Ashenzari's Augurer (left hand) {AC+4 Int+3, Evo, Self}
   (You found it on level 2 of the Depths)

   [ring of protection]

   AC:        It affects your AC (+4).
   Int:       It affects your intelligence (+3).
   It has a curse which improves the following skills: Evocations: Evocations.
   Introspection: Fighting and Spellcasting.
 Y - the ring of Shadows {Umbra +Inv Stlth+}
   (You found it in the Desolation of Salt)

   [ring of stealth]

   It surrounds you with an aura of shadow, increasing your stealth and reducing
   the accuracy of all others within it.
   +Inv:      It lets you turn invisible.
   Stlth:     It makes you more stealthy.
Wands
 j - a wand of roots (26)
 J - a wand of light (28)
 V - a wand of digging (34)
Scrolls
 g - 14 scrolls of teleportation
 n - 15 scrolls of fog
 r - 14 scrolls of noise
 s - 3 scrolls of torment
 y - 7 scrolls of blinking
 z - 11 scrolls of magic mapping
 E - 9 scrolls of enchant weapon
 F - 3 scrolls of summoning
 H - 9 scrolls of brand weapon
 S - 5 scrolls of silence
 W - 5 scrolls of immolation
 X - 5 scrolls of enchant armour
 Z - 12 scrolls of fear
Potions
 c - 14 potions of attraction
 d - 27 potions of curing
 e - 5 potions of lignification
 o - 6 potions of berserk rage
 u - 7 potions of brilliance
 v - 8 potions of ambrosia
 A - 8 potions of might
 C - 12 potions of haste
 G - 3 potions of invisibility
 I - 11 potions of heal wounds
 K - 4 potions of resistance
 N - 6 potions of cancellation
 U - 6 potions of mutation
Miscellaneous
 l - a condenser vane
 t - a phantom mirror
 P - a piece from Xom's chessboard (15/15)
 T - a tin of tremorstones (2/2)


   Skills:
 - Level 20.4(27) Fighting
 + Level 13.0(20.2) Long Blades
 - Level 7.6 Throwing
 + Level 16.8(22.9) Armour
 + Level 21.4(23.7) Dodging
 - Level 4.9(7.4) Stealth
 + Level 17.3(23.3) Shields
 + Level 18.4(26.3) Spellcasting
 + Level 19.7(23.3) Evocations


You couldn't memorise any spells.
You knew the following spells:

 Your Spells              Type           Power      Damage    Failure   Level
a - Magic Dart            Conj           100%       1d8       0%          1
b - Searing Ray           Conj           100%       2d8       0%          2
c - Dazzling Flash        Conj/Hex       100%       N/A       0%          3
d - Fulminant Prism       Conj/Hex       59%        3d24      0%          4
e - Iskenderun's Mystic   Conj/Tloc      100%       2d19      0%          4
f - Sandblast             Erth           100%       2d20      0%          1
g - Poisonous Vapours     Pois/Air       100%       N/A       0%          2
h - Inner Flame           Hex/Fire       100%       N/A       0%          3
i - Summon Lightning Spi  Summ/Air       100%       N/A       0%          4
j - Summon Forest         Summ/Tloc      59%        N/A       0%          5
k - Lee's Rapid Deconstr  Erth           59%        3d27*     0%          5
l - Eringya's Noxious Bo  Tmut/Pois      59%        N/A       0%          6
m - Simulacrum            Ice/Necr       59%        N/A       0%          6
n - Dispersal             Tloc           59%        N/A       0%          6
o - Necromutation         Tmut/Necr      59%        N/A       1%          8
p - Borgnjor's Revivific  Necr           59%        N/A       1%          8
q - Lehudib's Crystal Sp  Conj/Erth      59%        10d14     1%          8
r - Dragon's Call         Summ           59%        N/A       9%          9
Your spell library was empty.

Dungeon Overview and Level Annotations

Branches:
Dungeon (15/15)            Temple (1/1) D:5            Lair (4/5) D:11
 Shoals (4/4) Lair:3        Snake (4/4) Lair:3        Slime (0/5) Lair:4
    Orc (2/2) D:12            Elf (3/3) Orc:2        Vaults (5/5) D:13
  Crypt (0/3) Vaults:2     Depths (4/4) D:15            Zot (5/5) Depths:4
  IceCv (visited)          WizLab (visited)         Desolation (visited)

Altars:
Ashenzari
Cheibriados
Dithmenos
Elyvilon
Fedhas
Gozag
Hepliaklqana
Makhleb
Nemelex Xobeh
Okawaru
Qazlal
Ru
Trog
Uskayaw
Wu Jian
Xom
Yredelemnul
Zin
The Shining One
Jiyva

Shops:
D:4 :?(*   D:7 *   D:12 [   D:15 *   Orc:2 *[:(   Elf:1 =(=(   Elf:2 ?
Elf:3 (   Shoals:1 !   Snake:2 :   Vaults:3 :   Depths:3 :==

Portals:
Hell: Depths:1 Depths:2 Depths:3 Depths:4
Abyss: Depths:3 Depths:4
Pandemonium: Depths:2 Depths:3
Ziggurat: Depths:4

Annotations:
D:13 1 runed translucent door
Lair:2 2 transporters, cforsyth's ghost, journeyman DrCj
Zot:2 1 runed translucent door, Koub's ghost, legendary GnFE


Innate Abilities, Weirdness & Mutations

You are immune to sickness and miasma.
You are immune to poison.
Your flesh is very heat resistant. (rF++)
You are vulnerable to cold. (rC-)
You float through the air rather than walking.
You learn spells naturally, not from books.
Your magical power is your life essence.
You have superior vitality. (+4 MHP)
You are somewhat resistant to further mutation.
You are weak. (Str -2)


Message History

You block Duvessa's attack.
You open Duvessa like a pillowcase!!! You drain Duvessa!
You kill Duvessa!
No target in view!
No target in view!
There is a stone staircase leading up here.
You fly upwards.
There is a stone staircase leading down here.
You sense a monster nearby.
An Orb Guardian comes into view.
You block the Orb Guardian's attack.
You slash the Orb Guardian! You drain the Orb Guardian.
The Orb Guardian is moderately wounded.
You block the Orb Guardian's attack.
You hit the Orb Guardian.
The Orb Guardian is moderately wounded.
You hit the Orb Guardian.
The Orb Guardian is moderately wounded.
You block the Orb Guardian's attack.
You hit the Orb Guardian but do no damage.
The Orb Guardian is moderately wounded.
The Orb Guardian hits you.
You slice the Orb Guardian!!
The Orb Guardian is severely wounded.
The Orb Guardian hits you!!
You cut the Orb Guardian into ribbons!!!
You kill the Orb Guardian!
No target in view!
No target in view!
There is a stone staircase leading up here.
You fly upwards.
There is a stone staircase leading down here.
You can't go up here!
A ynoxinul comes into view.
You slice the ynoxinul!!
The ynoxinul is almost dead.
You slice the ynoxinul!!
You kill the ynoxinul!
There is a staircase leading out of the dungeon here.
You have escaped!

################## #######
#≈≈≈≈≈≈≈≈~.......###....##
#≈≈~~~≈~.....~.......#^...
#≈~~......~.~~≈~....###..#
#≈~.~....~~.~.~≈....##....
#~~....~~~.~≈~..~.~..#...)
#~....~≈≈~~~≈≈≈~......#...
#≈.....~~@≈≈≈~..~....##.#.
#~≈.....~~~~≈~.~~.....#.##
#≈≈~~..)...~~≈~~...#..#...
#≈≈≈≈~~.~....~~...##....##
#≈≈≈≈≈~≈~~.##...........#
#################.......##
#........... ###.#####...
#...#...#.


There were no monsters in sight!

Vanquished Creatures
  An ancient lich (Vaults:5)
  4 orbs of fire
  Tiamat (Zot:1)
  2 juggernauts (Depths:4)
  Sojobo (Vaults:4)
  2 Killer Klowns (Zot:5)
  3 curse toes
  Vashnia (Snake:4)
  Xtahua (Vaults:4)
  A pandemonium lord (D:12)
  3 golden dragons
  A bone dragon (Depths:4)
  A Tzitzimitl (Depths:2)
  10 tentacled monstrosities
  A lich (Depths:2)
  An Ice Fiend (Depths:2)
  A deep elf blademaster (Elf:2)
  3 quicksilver dragons
  5 titans (Vaults:5)
  A walking earthen tome (Depths:3)
  9 Orb Guardians
  2 death cobs
  3 sphinxes
  2 Executioners (Depths:2)
  Frances (D:13)
  5 tengu reavers
  2 draconian monks
  8 shadow dragons
  7 storm dragons
  4 nagarajas
  A draconian knight (Depths:4)
  3 frost giants
  2 imperial myrmidons (Desolation)
  Ilsuiw (Shoals:3)
  3 iron dragons
  2 draconian stormcallers
  4 spectral caustic shrikes (Depths:4)
  2 draconian scorchers (Zot:2)
  6 fire giants
  A balrug (Depths:3)
  A deep elf sorcerer (Vaults:2)
  12 ironbound preservers
  13 very ugly things
  4 vault wardens
  A spriggan defender (Depths:3)
  A deep elf elementalist (Elf:2)
  2 demonspawn corrupters (WizLab)
  2 angels (Vaults:4)
  9 stone giants
  An orc warlord (Orc:2)
  A juggernaut zombie (Depths:2)
  A war gargoyle (Vaults:5)
  3 reapers (Depths:2)
  7 ironbound thunderhulks
  A caustic shrike skeleton (Depths:2)
  6 green draconians
  A deep elf annihilator (Elf:3)
  A halazid warlock (Desolation)
  A red draconian (Zot:4)
  A spectral titan (Depths:2)
  4 black draconians
  2 lorocyprocas
  3 purple draconians
  4 yellow draconians
  A deep elf demonologist (Elf:3)
  A demonspawn black sun (Zot:2)
  2 dire elephants
  8 white draconians
  2 green deaths
  5 ettins
  A merfolk javelineer (Shoals:4)
  3 deep elf death magi
  5 merfolk impalers
  9 yaktaur captains
  A deep elf high priest (WizLab)
  A spriggan zombie (Depths:2)
  The ghost of Iich the Severer, a journeyman MiFi of Okawaru (D:12)
  A hell beast (Depths:3)
  A salamander tyrant (Snake:4)
  3 spectral tengu (Depths:2)
  6 great orbs of eyes
  3 rakshasas
  2 peacekeepers
  A caustic shrike simulacrum (Depths:3)
  3 servants of whispers (Desolation)
  3 ice dragons
  A spriggan air mage (Depths:3)
  26 vault guards
  2 merfolk avatars (Shoals:4)
  12 centaur warriors
  A hydra (Lair:4)
  5 anacondas
  7 ironbound frosthearts
  A boulder beetle (Vaults:2)
  A death knight (D:13)
  An ogre mage (Vaults:5)
  11 dancing weapons
  2 satyrs
  3 merfolk aquamancers
  2 tengu warriors
  2 death yaks (Lair:3)
  4 two-headed ogres
  2 deep troll shamans
  3 orc high priests (Orc:2)
  4 vampire magi (Depths:2)
  6 deep troll earth magi
  4 naga warriors
  3 soul eaters
  8 shock serpents
  9 spriggan berserkers
  11 hell knights
  9 naga sharpshooters
  4 deep elf knights
  4 iron trolls
  Sonja (Lair:3)
  4 salamander mystics
  10 sea snakes
  A spectral spark wasp (Depths:2)
  43 deep trolls
  2 naga ritualists
  2 spriggan druids (Depths:3)
  A storm dragon skeleton (Depths:2)
  5 lindwurms
  14 wizards
  A shadow demon (D:7)
  2 flayed ghosts (Depths:2)
  A tengu zombie (Depths:2)
  A swamp dragon (shapeshifter) (Depths:4)
  An obsidian statue (Vaults:3)
  17 ironbound convokers
  A spectral iron dragon (Depths:2)
  12 deep elf pyromancers
  4 orc knights
  5 deep elf archers
  3 glowing orange brains
  8 harpies
  12 deep elf zephyrmancers
  2 phantasmal warriors (Vaults:5)
  4 mana vipers
  A spectral ettin (Depths:2)
  13 necromancers
  26 ugly things
  2 orc sorcerers (Orc:2)
  A tengu skeleton (Depths:2)
  A spectral spriggan (Depths:2)
  4 shadow dragon skeletons
  A sphinx skeleton (Depths:2)
  3 worldbinders (WizLab)
  5 manticores
  13 moths of wrath
  3 cyclopes
  3 fauns
  4 elephants (Lair:4)
  3 guardian serpents (Desolation)
  An iron dragon skeleton (Depths:3)
  Maurice (D:13)
  4 salamanders
  4 nameless horrors
  2 rust devils (Depths:3)
  11 vault sentinels
  3 merfolk sirens
  3 cane toads
  A water nymph (Shoals:2)
  19 black mambas
  5 naga magi
  A torpor snail (shapeshifter) (Vaults:2)
  2 rime drakes (IceCv)
  20 yaktaurs
  2 tengu conjurers
  3 tormentors
  An ice devil (D:15)
  2 freezing wraiths
  A hellwing (Depths:3)
  A spectral glowing shapeshifter (Depths:2)
  A komodo dragon (Lair:2)
  A golden dragon simulacrum (Depths:2)
  2 trolls (D:12)
  6 hornets
  2 wind drakes
  4 polar bears
  31 slime creatures
  15 saltlings (Desolation)
  8 merfolk
  3 snapping turtles
  A dream sheep (Lair:4)
  An ettin zombie (Vaults:1)
  A jumping spider (shapeshifter) (D:15)
  Sigmund (D:2)
  3 wyverns
  A vampire (D:13)
  A culicivora (shapeshifter) (Elf:3)
  10 spriggans (Depths:3)
  An air elemental (Elf:3)
  9 water elementals
  3 wraiths
  2 ynoxinuls
  2 basilisks
  16 yaks
  9 humans
  2 fire elementals
  3 hogs (D:13)
  4 steam dragons
  3 vampire mosquitoes (D:13)
  4 chaos spawn
  A redback simulacrum (D:14)
  2 wargs (Vaults:4)
  2 glowing shapeshifter zombies (Depths:2)
  9 nagas
  Duvessa (D:3)
  An acid dragon (D:9)
  6 water moccasins
  A glowing shapeshifter skeleton (Depths:2)
  4 black bears
  21 orc warriors
  2 sky beasts
  3 wolves
  5 ogres
  7 centaurs
  A phantom (D:6)
  12 bullfrogs
  A kobold brigand (D:8)
  3 earth elementals
  3 scorpions
  2 necrophages
  3 wights (D:8)
  Dowan (D:3)
  An electric eel (Lair:3)
  A jelly (D:6)
  17 orc priests
  3 gnoll boudas
  3 hounds
  4 iguanas
  Natasha (thrice) (D:2)
  19 orc wizards
  18 gnolls
  7 adders
  A shadow imp (D:6)
  5 white imps
  5 ufetubi
  A dart slug (D:1)
  39 orcs
  7 endoplasms
  A giant cockroach (D:1)
  5 goblins
  5 hobgoblins
  4 jackals (D:5)
  4 quokkas
  4 ball pythons
  2 bats (D:3)
  5 frilled lizards
  11 kobolds
  2 rats
  A bush (Depths:3)
  A butterfly (Lair:2)
  6 snaplasher vines
1158 creatures vanquished.

Vanquished Creatures (collateral kills)
  A seraph (D:7)
  6 dread liches
  An ancient lich (Vaults:5)
  6 orbs of fire (Zot:5)
  A Killer Klown (Zot:5)
  Saint Roka (Vaults:4)
  Margery (Vaults:4)
  A golden dragon (Vaults:5)
  Jorgrun (D:14)
  3 electric golems
  A tentacled monstrosity (Zot:3)
  3 liches (Vaults:5)
  18 Orb Guardians (Zot:5)
  2 titans (Vaults:5)
  A deep elf master archer (Elf:3)
  2 quicksilver dragons
  3 death cobs
  Polyphemus (Shoals:3)
  5 sphinxes
  3 shadow dragons
  Kirke (D:13)
  2 nagarajas (Snake:4)
  3 tengu reavers
  4 storm dragons
  Donald (Shoals:1)
  3 draconian monks
  A daeva (D:7)
  3 deep elf sorcerers
  6 frost giants
  6 draconian knights
  2 fire giants
  3 draconian scorchers
  2 ghost moths
  Aizul (Snake:1)
  A spectral caustic shrike (Depths:4)
  2 demonspawn corrupters (WizLab)
  12 vault wardens
  A draconian shifter (Zot:1)
  4 draconian annihilators
  4 deep elf elementalists (Elf:3)
  A draconian stormcaller (Zot:5)
  8 very ugly things
  2 spriggan defenders (Depths:3)
  A reaper (D:12)
  3 ironbound thunderhulks
  8 ironbound preservers
  6 green draconians
  A war gargoyle (Vaults:2)
  3 stone giants (Vaults:5)
  The ghost of Nezimene the Cleaver, a journeyman FoFi of Okawaru (D:14)
  3 black draconians
  5 deep elf demonologists (Elf:3)
  2 halazid warlocks (Desolation)
  6 deep elf annihilators
  A minotaur (Shoals:4)
  5 white draconians
  7 yellow draconians
  4 purple draconians
  4 demonspawn black suns
  5 dire elephants
  7 red draconians
  6 ettins
  4 deep elf death magi (Elf:3)
  Snorg (D:14)
  Josephine (Lair:3)
  6 yaktaur captains
  3 fire dragons (Depths:4)
  3 ragged hierophants (Desolation)
  6 merfolk impalers
  3 merfolk javelineers
  An entropy weaver (Vaults:1)
  A nameless horror (Zot:3)
  2 peacekeepers
  Harold (Orc:1)
  2 great orbs of eyes (Vaults:3)
  Erolcha (Orc:1)
  6 vault guards
  6 deep elf high priests
  2 servants of whispers (Desolation)
  A catoblepas (Shoals:3)
  An ice dragon (Depths:1)
  A spriggan air mage (Depths:3)
  9 hydras
  2 salamander tyrants (Snake:4)
  2 anacondas (Snake:4)
  2 centaur warriors
  An anaconda (shapeshifter) (Vaults:5)
  2 merfolk aquamancers
  3 two-headed ogres
  8 satyrs
  2 ironbound frosthearts
  12 dancing weapons
  11 death yaks
  4 tengu warriors
  A deep troll shaman (Depths:1)
  A spectral sphinx (Depths:2)
  6 naga warriors
  13 naga sharpshooters
  3 orc high priests
  Urug (Orc:1)
  2 shock serpents
  2 salamander mystics
  A hell knight (Vaults:4)
  Nergalle (Orc:1)
  12 deep elf knights
  A titan skeleton (Depths:2)
  5 sea snakes
  23 deep trolls
  2 spriggan riders (Depths:3)
  A glowing orange brain (Depths:1)
  A golden dragon zombie (Depths:3)
  2 flayed ghosts
  4 naga ritualists (Snake:4)
  2 spriggan druids (Depths:3)
  A swamp dragon (WizLab)
  3 phantasmal warriors (Vaults:5)
  A necromancer (Depths:3)
  An obsidian statue (Zot:5)
  8 deep elf archers
  18 harpies
  7 ironbound convokers
  2 wizards
  21 deep elf pyromancers
  23 deep elf zephyrmancers
  5 orc knights
  A shadow dragon skeleton (Depths:2)
  7 lindwurms
  A wolf spider (Vaults:5)
  A faun (shapeshifter) (Vaults:5)
  8 ugly things
  11 mana vipers
  13 fauns
  An iron dragon skeleton (Depths:2)
  4 cyclopes
  4 orc sorcerers
  9 moths of wrath
  2 oklob plants (Lair:3)
  7 salamanders
  A worldbinder (WizLab)
  11 manticores
  8 merfolk sirens
  6 vault sentinels
  2 elephants (Lair:4)
  An ice statue (IceCv)
  14 black mambas
  A guardian serpent (Snake:4)
  10 naga magi
  A water nymph (Shoals:4)
  A torpor snail (Lair:1)
  3 cane toads
  A smoke demon (D:12)
  7 rime drakes
  2 freezing wraiths (D:14)
  5 komodo dragons
  23 yaktaurs
  5 tengu conjurers
  An efreet (D:14)
  A troll (D:14)
  28 merfolk
  5 hornets
  21 slime creatures
  5 polar bears
  5 dream sheep
  2 snapping turtles
  An iron dragon simulacrum (Vaults:1)
  16 saltlings (Desolation)
  12 spriggans
  A culicivora (Vaults:1)
  39 yaks
  9 water elementals
  2 air elementals
  3 hogs (D:13)
  3 wraiths
  2 wyverns
  2 fire elementals
  3 basilisks
  11 humans (D:13)
  2 redbacks (Vaults:1)
  A vampire mosquito (D:13)
  24 nagas
  4 wargs
  2 acid dragons
  9 water moccasins
  A floating eye (Depths:3)
  21 orc warriors
  An ettin simulacrum (Vaults:1)
  10 ogres
  6 wolves
  4 centaurs
  2 bullfrogs (Lair:1)
  A scorpion (Lair:1)
  4 wights (D:9)
  A hound (D:6)
  2 jellies (Lair:4)
  12 orc priests
  15 orc wizards
  11 white imps (Lair:2)
  44 orcs
  3 endoplasms (Lair:4)
  20 bushes (Depths:3)
  6 plants (Shoals:3)
  2 snaplasher vines
1047 creatures vanquished.

Vanquished Creatures (others)
  A deep elf blademaster (Elf:3)
  An imperial myrmidon (Desolation)
  A deep elf elementalist (Elf:3)
  A demonspawn black sun (Zot:2)
  2 deep elf knights (Elf:3)
  An ironbound convoker (Vaults:5)
  A deep elf pyromancer (Elf:3)
  A water elemental (Shoals:1)
  2 humans
  134 bushes (Depths:3)
  13 fulminant prisms
  40 fungi
  95 plants
  33 snaplasher vines
  5 withered plants
331 creatures vanquished.

Grand Total: 2536 creatures vanquished

Notes
Turn   | Place    | Note
-------+----------+-------------------------------------------
     0 | D:1      | TrayleKats the Djinni Conjurer began the quest for the Orb.
     0 | D:1      | TrayleKats set off with the following spells memorised:
                  | Magic Dart, Searing Ray, Dazzling Flash, Fulminant Prism,
                  | Iskenderun's Mystic Blast.
     0 | D:1      | Reached XP level 1. HP: 15/15 MP: 0/0
   328 | D:1      | Reached skill level 1 in Fighting
   328 | D:1      | Reached XP level 2. HP: 20/22 MP: 0/0
   491 | D:2      | Reached XP level 3. HP: 24/27 MP: 0/0
   491 | D:2      | Learned a level 1 spell: Sandblast
   511 | D:2      | Noticed Sigmund
   523 | D:2      | Killed Sigmund
   524 | D:2      | Reached XP level 4. HP: 26/35 MP: 0/0
   524 | D:2      | Reached XP level 5. HP: 30/40 MP: 0/0
   524 | D:2      | Learned a level 2 spell: Poisonous Vapours
   674 | D:2      | Reached XP level 6. HP: 44/46 MP: 0/0
   755 | D:2      | Noticed Natasha
   758 | D:2      | Killed Natasha
   766 | D:2      | Noticed Natasha
   771 | D:2      | Killed Natasha
   817 | D:2      | Noticed Natasha
   822 | D:2      | Killed Natasha
  2174 | D:4      | Found Xasomn Hyfa's Book Shoppe.
  2180 | D:4      | Upgraded the game from 0.30-a0-568-g124715a40b to
                  | 0.30-a0-571-gdf30a72648
  2216 | D:4      | Reached XP level 7. HP: 43/53 MP: 0/0
  2216 | D:4      | Learned a level 3 spell: Inner Flame
  2257 | D:4      | Reached skill level 5 in Spellcasting
  2263 | D:4      | Noticed Duvessa
  2264 | D:4      | Noticed Dowan
  2385 | D:4      | Reached skill level 5 in Fighting
  2461 | D:4      | Found Megome's Magic Scroll Shoppe.
  2481 | D:4      | Bought a scroll of blinking for 75 gold pieces
  2481 | D:4      | Bought a scroll of magic mapping for 75 gold pieces
  2481 | D:4      | Bought a scroll of fog for 40 gold pieces
  2861 | D:4      | Found Waehich's General Store.
  2872 | D:4      | Bought a scroll of identify for 22 gold pieces
  2928 | D:3      | Killed Dowan
  3145 | D:4      | Found Lihaa's Weapon Shoppe.
  3184 | D:5      | Entered Level 5 of the Dungeon
  3190 | D:5      | Reached XP level 8. HP: 33/61 MP: 0/0
  3339 | D:5      | Found a sacrificial altar of Ru.
  3969 | D:5      | Found a staircase to the Ecumenical Temple.
  4134 | Temple   | Entered the Ecumenical Temple
  4298 | Temple   | Became a worshipper of Ashenzari the Shackled
  5004 | D:6      | Identified the +0 cloak of the Nightingale {rElec Int-5
                  | Stlth+}
  5038 | D:6      | Reached XP level 9. HP: 66/68 MP: 0/0
  5038 | D:6      | Learned a level 4 spell: Summon Lightning Spire
  5409 | D:7      | Found Oludweudgh's Assorted Antiques.
  5415 | D:7      | Bought a cyan potion for 27 gold pieces
  5415 | D:7      | Bought a potion of heal wounds for 150 gold pieces
  6379 | D:8      | Reached XP level 10. HP: 77/78 MP: 0/0
  6799 | D:8      | Reached skill level 10 in Fighting
  7666 | D:9      | Reached XP level 11. HP: 61/87 MP: 0/0
  7666 | D:9      | Learned a level 5 spell: Summon Forest
  7777 | D:9      | Reached * piety under Ashenzari
  7868 | D:9      | Noticed a two-headed ogre
  7874 | D:9      | Killed a two-headed ogre
  8269 | D:10     | Entered Level 10 of the Dungeon
  8640 | D:10     | Noticed a two-headed ogre
  8646 | D:10     | Killed a two-headed ogre
  8647 | D:10     | Reached skill level 10 in Spellcasting
  8743 | D:10     | Noticed a deep elf pyromancer
  8749 | D:10     | Killed a deep elf pyromancer
  9289 | D:11     | Found an iron altar of Okawaru.
  9296 | D:11     | Found a staircase to the Lair.
  9592 | D:11     | Noticed a cyclops
  9597 | D:11     | Killed a cyclops
  9869 | D:12     | Noticed a cyclops
  9869 | D:12     | Found a staircase to the Orcish Mines.
  9874 | D:12     | Killed a cyclops
  9875 | D:12     | Reached XP level 12. HP: 90/100 MP: 0/0
  9985 | D:12     | Reached skill level 1 in Shields
  9985 | D:12     | Reached skill level 1 in Evocations
  9992 | D:12     | Reached skill level 3 in Dodging
 10235 | D:12     | Noticed a two-headed ogre
 10251 | D:12     | Killed a two-headed ogre
 10493 | D:12     | Found a runed translucent gate.
 10494 | D:12     | Found a runed translucent gate.
 10495 | D:12     | Found a runed translucent gate.
 10495 | D:12     | Noticed a nine-headed hydra
 10495 | D:12     | Noticed a 12-headed hydra
 10495 | D:12     | Noticed Iich's ghost (journeyman MiFi)
 10496 | D:12     | Identified the +8 demon blade of Conformity {drain, Contam
                  | Str+5 SInv}
 10531 | D:12     | Reached skill level 4 in Dodging
 10614 | D:12     | Found Jujouf's Armour Shop.
 10620 | D:12     | Killed a nine-headed hydra
 10629 | D:12     | Identified Siezetui's Compendium of Plaster Cramp
 10634 | D:12     | Killed a 12-headed hydra
 10711 | D:12     | Identified the Parchment of Combed Thunderclap
 10724 | D:12     | Identified the Directory of Dhcmrlchtdj
 10927 | D:13     | Noticed a death knight
 10935 | D:13     | Killed a death knight
 11068 | Lair:1   | Entered Level 1 of the Lair of Beasts
 11077 | Lair:1   | Reached ** piety under Ashenzari
 11080 | Lair:1   | Reached skill level 1 in Long Blades
 11120 | Lair:1   | Reached skill level 5 in Dodging
 11133 | Lair:1   | Reached XP level 13. HP: 109/109 MP: 0/0
 11133 | Lair:1   | Learned a level 5 spell: Lee's Rapid Deconstruction
 11866 | Lair:2   | Found a transporter.
 11995 | Lair:2   | Found a frozen archway.
 12146 | IceCv    | Entered an ice cave
 12151 | IceCv    | Reached skill level 6 in Dodging
 12151 | IceCv    | Reached skill level 5 in Evocations
 12190 | IceCv    | Reached skill level 5 in Shields
 12290 | IceCv    | Reached *** piety under Ashenzari
 12318 | IceCv    | Noticed a frost giant
 12418 | IceCv    | Killed a frost giant
 12863 | Lair:2   | Identified the +0 pair of boots "Lattulac" {Regen+}
 12870 | Lair:2   | Reached skill level 7 in Dodging
 12870 | Lair:2   | Reached XP level 14. HP: 118/121 MP: 0/0
 13088 | Lair:2   | Found a transporter.
 13089 | Lair:2   | Noticed cforsyth's ghost (journeyman DrCj)
 13820 | Lair:3   | Found a staircase to the Snake Pit.
 13837 | Lair:3   | Reached skill level 5 in Long Blades
 13975 | Lair:3   | Noticed Sonja
 13980 | Lair:3   | Killed Sonja
 14017 | Lair:3   | Found a staircase to the Shoals.
 14046 | Lair:3   | Noticed Josephine
 14049 | Lair:3   | Killed Josephine
 14050 | Lair:3   | Reached skill level 8 in Dodging
 14572 | Lair:4   | Reached **** piety under Ashenzari
 14880 | Lair:4   | Found a viscous altar of Jiyva.
 14881 | Lair:4   | Found a staircase to the Slime Pits.
 14961 | Lair:4   | Reached XP level 15. HP: 101/132 MP: 0/0
 14961 | Lair:4   | Learned a level 6 spell: Eringya's Noxious Bog
 15311 | Lair:4   | Reached ***** piety under Ashenzari
 15639 | Orc:1    | Entered Level 1 of the Orcish Mines
 15697 | Orc:1    | Noticed Erolcha
 15707 | Orc:1    | Killed Erolcha
 15724 | Orc:1    | Noticed Urug
 15734 | Orc:1    | Killed Urug
 15795 | Orc:1    | Noticed Harold
 15805 | Orc:1    | Killed Harold
 16075 | Orc:1    | Noticed Nergalle
 16098 | Orc:1    | Killed Nergalle
 16184 | Orc:2    | Entered Level 2 of the Orcish Mines
 16252 | Orc:2    | Reached skill level 9 in Dodging
 16327 | Orc:2    | Found a staircase to the Elven Halls.
 16528 | Orc:2    | Reached skill level 15 in Fighting
 16532 | Orc:2    | Noticed an orc warlord
 16537 | Orc:2    | Killed an orc warlord
 16572 | Orc:2    | Paralysed by an orc sorcerer for 3 turns
 16673 | Orc:2    | Found Ikut's Antique Armour Emporium.
 16674 | Orc:2    | Found Vejuzif's Antique Weapon Shoppe.
 16676 | Orc:2    | Found Rawyeshri's General Store.
 16676 | Orc:2    | Found Uddaf's Book Emporium.
 16681 | Orc:2    | Bought a scroll of teleportation for 42 gold pieces
 16691 | Orc:2    | Bought a pair of smoking gloves for 294 gold pieces
 16691 | Orc:2    | Identified the -2 pair of gloves of the Fisher {rC+ Str-2
                  | Dex+2} (You bought it in a shop on level 2 of the Orcish
                  | Mines)
 17070 | D:13     | Noticed Kirke
 17074 | D:13     | Noticed Maurice
 17095 | D:13     | Killed Maurice
 17099 | D:13     | Killed Kirke
 17105 | D:13     | Reached skill level 5 in Armour
 17105 | D:13     | Reached XP level 16. HP: 145/145 MP: 0/0
 17291 | D:13     | Reached skill level 10 in Dodging
 17308 | D:13     | Identified the +0 scale mail of Supple Strength {rElec
                  | rPois rF+ rC+}
 17340 | D:13     | Noticed Frances
 17364 | D:13     | Killed Frances
 17513 | D:13     | Reached XP level 17. HP: 153/153 MP: 0/0
 17513 | D:13     | Learned a level 6 spell: Simulacrum
 17687 | D:13     | Found a runed translucent door.
 17689 | D:13     | Noticed a tengu reaver
 17729 | D:13     | Found a gate to the Vaults.
 17765 | D:13     | Noticed a shadow dragon
 17902 | D:14     | Noticed Jorgrun
 17913 | D:14     | Killed Jorgrun
 17974 | D:14     | Found a runed translucent door.
 17976 | D:14     | Noticed Nezimene's ghost (journeyman FoFi)
 17996 | D:14     | Found a white marble altar of Elyvilon.
 17997 | D:14     | Found a glowing golden altar of the Shining One.
 17998 | D:14     | Found a glowing silver altar of Zin.
 18021 | D:14     | Noticed Snorg
 18029 | D:14     | Killed Snorg
 18192 | D:14     | Found an iron altar of Okawaru.
 18374 | D:7      | Bought a knobbly marble ring for 150 gold pieces
 18374 | D:7      | Bought a scroll of enchant armour for 225 gold pieces
 18376 | D:7      | Reached ****** piety under Ashenzari
 18786 | D:14     | Killed Nezimene's ghost
 18823 | D:15     | Entered Level 15 of the Dungeon
 19124 | D:15     | Found Asusazog's General Store.
 19131 | D:15     | Bought a potion of might for 64 gold pieces
 19131 | D:15     | Bought a scroll of teleportation for 48 gold pieces
 19131 | D:15     | Bought a +0 pair of gloves of strength for 184 gold pieces
 19131 | D:15     | Bought 2 potions of heal wounds for 160 gold pieces
 19167 | D:15     | Found a broken altar of Ashenzari.
 19361 | D:15     | Found a staircase to the Depths.
 19580 | Snake:1  | Entered Level 1 of the Snake Pit
 19618 | Snake:1  | Reached skill level 11 in Dodging
 19690 | Snake:1  | Found a glowing golden altar of the Shining One.
 19760 | Snake:1  | Reached skill level 10 in Evocations
 19960 | Snake:1  | Noticed Aizul
 19976 | Snake:1  | Killed Aizul
 20975 | Snake:2  | Found Daekk's Book Emporium.
 21558 | Snake:3  | Reached XP level 18. HP: 163/165 MP: 0/0
 21834 | Snake:3  | Found a gateway to a bazaar.
 21846 | Bazaar   | Entered a bazaar
 21853 | Bazaar   | Found Osida's Antique Armour Shop.
 21861 | Bazaar   | Bought a sheer robe for 176 gold pieces
 21861 | Bazaar   | Identified the +1 robe of Miracles {Dex+4 SInv} (You bought
                  | it in a shop in a bazaar)
 21867 | Bazaar   | Found Bibiyr Loegi's Antique Weapon Boutique.
 21881 | Bazaar   | Found Beluim's Weapon Shop.
 21895 | Bazaar   | Found Ceim Pigg's Distillery.
 21909 | Bazaar   | Found Pyepiana's Jewellery Shop.
 21917 | Bazaar   | Bought the ring "Acyciv" {Will++ rCorr Str+4 Dex+5} for 479
                  | gold pieces
 21917 | Bazaar   | Bought the ring "Ucesap" {Fire rElec rPois Slay+2} for 412
                  | gold pieces
 21942 | Bazaar   | Found Wuanocaawk's Weapon Boutique.
 21956 | Bazaar   | Found Cunup's Antique Weapon Shop.
 22026 | Bazaar   | Bought a potion of heal wounds for 45 gold pieces
 22026 | Bazaar   | Bought a potion of mutation for 72 gold pieces
 22026 | Bazaar   | Bought a potion of might for 36 gold pieces
 22026 | Bazaar   | Bought a potion of ambrosia for 72 gold pieces
 22026 | Bazaar   | Bought a potion of curing for 27 gold pieces
 22026 | Bazaar   | Bought a potion of resistance for 90 gold pieces
 22026 | Bazaar   | Bought a potion of lignification for 27 gold pieces
 22026 | Bazaar   | Bought a potion of attraction for 27 gold pieces
 22429 | Snake:4  | Entered Level 4 of the Snake Pit
 22446 | Snake:4  | Reached skill level 12 in Dodging
 22483 | Snake:4  | Identified the +2 hand axe of Iticze Sora {heavy, rF++}
 22920 | Snake:4  | Noticed Vashnia
 22995 | Snake:4  | Killed Vashnia
 23328 | Snake:4  | Reached skill level 13 in Dodging
 23367 | Snake:4  | Got a serpentine rune of Zot
 23660 | Snake:4  | Reached XP level 19. HP: 168/168 MP: 0/0
 23660 | Snake:4  | Learned a level 6 spell: Dispersal
 23907 | Shoals:1 | Entered Level 1 of the Shoals
 23907 | Shoals:1 | Found Kesuf's Distillery.
 24051 | Shoals:1 | Noticed Donald
 24058 | Shoals:1 | Killed Donald
 25650 | Shoals:3 | Reached skill level 14 in Dodging
 25816 | Shoals:3 | Noticed Polyphemus
 25834 | Shoals:3 | Killed Polyphemus
 25916 | Shoals:3 | Noticed Ilsuiw
 25939 | Shoals:3 | Killed Ilsuiw
 26175 | Shoals:3 | Reached XP level 20. HP: 173/180 MP: 0/0
 26653 | Shoals:4 | Entered Level 4 of the Shoals
 26975 | Shoals:4 | Identified the ring of Light {Fly SInv}
 27149 | Shoals:4 | Got a barnacled rune of Zot
 27772 | Vaults:1 | Entered Level 1 of the Vaults
 28168 | Vaults:1 | Reached skill level 15 in Dodging
 28557 | Vaults:1 | Reached XP level 21. HP: 149/175 MP: 0/0
 28557 | Vaults:1 | Learned a level 8 spell: Necromutation
 29887 | Vaults:2 | Reached skill level 15 in Spellcasting
 29979 | Vaults:2 | Found a magical portal.
 29999 | WizLab   | Entered Alistair's Party Mansion
 30057 | WizLab   | Reached skill level 10 in Shields
 30195 | WizLab   | Identified the Directory of Shapes
 30208 | WizLab   | Noticed a golden dragon
 30281 | WizLab   | Identified the Compilation of Inconstant Impurities
 30281 | WizLab   | Identified a scroll of acquirement
 30281 | WizLab   | Identified the Compilation of Incandescent Wanderlust
 30547 | Vaults:2 | Acquired the +3 pair of gauntlets of War {Slay+5}
 30547 | Vaults:2 | Found the +3 pair of gauntlets of War {Slay+5}
 31659 | Vaults:2 | Found a staircase to the Crypt.
 31659 | Vaults:2 | Found a basalt altar of Yredelemnul.
 31933 | Vaults:3 | Reached XP level 22. HP: 180/191 MP: 0/0
 32273 | Shoals:1 | Bought a potion of experience for 700 gold pieces
 32273 | Shoals:1 | Reached XP level 23. HP: 197/197 MP: 0/0
 32273 | Shoals:1 | Learned a level 8 spell: Borgnjor's Revivification
 32606 | Vaults:3 | Found Weucanam's Book Shop.
 32779 | Vaults:3 | Reached skill level 16 in Dodging
 33339 | Vaults:3 | Reached skill level 10 in Armour
 33881 | Vaults:4 | Noticed Xtahua
 33898 | Vaults:4 | Killed Xtahua
 34073 | Vaults:4 | Found a white marble altar of Elyvilon.
 34087 | Vaults:4 | Found a crumbling gateway.
 34106 | Vaults:4 | Reached skill level 5 in Throwing
 34106 | Vaults:4 | Found a glowing silver altar of Zin.
 34106 | Vaults:4 | Found a glowing golden altar of the Shining One.
 34115 | Desolati | Entered the Desolation of Salt
 34246 | Desolati | Identified the +3 scale mail "Faerune" {Harm Dex-5 Slay+3}
 34472 | Desolati | Reached skill level 15 in Evocations
 34532 | Desolati | Identified Sif Muna's Atlas of Vexing Exhumation
 34532 | Desolati | Identified the Encyclopedia of Silt and Battle Magic
 34539 | Desolati | Identified Sif Muna's Compilation of the Snake
 34539 | Desolati | Found the ring of Shadows {Umbra +Inv Stlth+}
 34907 | Vaults:4 | Noticed Margery
 34928 | Vaults:4 | Killed Margery
 35074 | Vaults:4 | Noticed Saint Roka
 35102 | Vaults:4 | Killed Saint Roka
 35246 | Vaults:4 | Reached XP level 24. HP: 171/204 MP: 0/0
 35549 | Vaults:4 | Noticed Sojobo
 35569 | Vaults:4 | Killed Sojobo
 36406 | Depths:1 | Entered Level 1 of the Depths
 36412 | Depths:1 | Reached skill level 17 in Dodging
 37160 | Depths:1 | Found a gateway to Hell.
 37765 | Depths:2 | Identified the Commentary on the Stinger
 37862 | Depths:2 | Identified the ring "Viamerid" {AC+4 Int+3}
 38166 | Depths:2 | Reached XP level 25. HP: 188/207 MP: 0/0
 38166 | Depths:2 | Learned a level 8 spell: Lehudib's Crystal Spear
 38371 | Depths:2 | Found a one-way gate leading to the halls of Pandemonium.
 39662 | Depths:3 | Identified the +7 long sword of Qazlal, Bedazzling {freeze,
                  | rElec}
 39718 | Depths:3 | Found a portal to a secret trove of treasure.
 40545 | Depths:3 | You paid a toll of a +6 demon whip to enter a treasure
                  | trove
 40546 | Trove    | Entered a treasure trove
 40551 | Trove    | Identified the +8 scimitar of Precise Incision {heavy,
                  | Str+3}
 40551 | Trove    | Identified the ring of Ydghuitip {rN+++ Will- Str+10 Int+6
                  | Slay-6}
 40551 | Trove    | Identified the +0 robe "Toucsy" {+Blink Int+4 Stlth-}
 40551 | Trove    | Identified the +1 storm dragon scales of Zanwuly {rElec
                  | Dex+6}
 40690 | Depths:3 | Found Ynulov's Book Emporium.
 40690 | Depths:3 | Found Guag's Jewellery Boutique.
 40699 | Depths:3 | Found Vasenukk's Jewellery Boutique.
 40705 | Depths:3 | Bought the amulet "Horit" {Faith rF++ rC+ Regen+ Int-2} for
                  | 1211 gold pieces
 40849 | Depths:3 | Found a one-way gate to the infinite horrors of the Abyss.
 41031 | Depths:3 | Identified the +3 falchion "Oluaschuatz" {holy, rF+ Int+3
                  | Stlth+}
 41104 | Depths:3 | Identified the +3 leather armour of the Morning Star
                  | {Will+}
 41286 | Depths:3 | Paralysed by a floating eye for 4 turns
 41537 | Depths:4 | Entered Level 4 of the Depths
 41542 | Depths:4 | Identified the +1 scale mail of Restlessness {rC- Will+
                  | rCorr}
 41663 | Depths:4 | Found a one-way gateway to a ziggurat.
 41843 | Depths:4 | Noticed a juggernaut
 41856 | Depths:4 | Killed a juggernaut
 41887 | Depths:4 | Reached skill level 18 in Dodging
 41941 | Depths:4 | Noticed a juggernaut
 41963 | Depths:4 | Killed a juggernaut
 42207 | Depths:4 | Found a gate to the Realm of Zot.
 42218 | Depths:4 | Reached XP level 26. HP: 194/220 MP: 0/0
 42459 | Depths:4 | Identified the +3 leather armour of Experimentation {Dex+4}
 42908 | Shoals:1 | Bought a potion of experience for 700 gold pieces
 42908 | Shoals:1 | Reached XP level 27. HP: 225/225 MP: 0/0
 42908 | Shoals:1 | Learned a level 9 spell: Dragon's Call
 43090 | Elf:1    | Entered Level 1 of the Elven Halls
 43188 | Elf:1    | Found Olule's Jewellery Emporium.
 43190 | Elf:1    | Found Ycit Dir's Antique Weapon Emporium.
 43190 | Elf:1    | Found Hairhuir's Jewellery Shoppe.
 43195 | Elf:1    | Found Vyti's Weapon Shoppe.
 43236 | Elf:1    | Identified the +9 arbalest "Inkef" {speed, Fly rN+ Int+3}
 43289 | Elf:1    | Identified Sif Muna's Monograph on the Swarm
 44017 | Elf:2    | Found Uxypu's Magic Scroll Shoppe.
 44192 | Elf:2    | Found a runed translucent gate.
 44204 | Elf:2    | Found a runed translucent gate.
 44204 | Elf:2    | Found a runed translucent gate.
 44666 | Elf:3    | Entered Level 3 of the Elven Halls
 45206 | Elf:3    | Found Jowk's Weapon Boutique.
 45227 | Elf:3    | Paralysed by an air elemental for 1 turns
 45474 | Elf:3    | Identified the +8 spear of Caemoed {venom, rPois rCorr}
 46089 | D:12     | Killed Iich's ghost
 46299 | Vaults:5 | Entered Level 5 of the Vaults
 46304 | Vaults:5 | Reached skill level 19 in Dodging
 46327 | Vaults:5 | Noticed an ancient lich
 46349 | Vaults:5 | Killed an ancient lich
 46358 | Vaults:5 | Noticed a dread lich
 46379 | Vaults:5 | Killed a dread lich
 46382 | Vaults:5 | Reached skill level 10 in Long Blades
 46385 | Vaults:5 | Reached skill level 15 in Shields
 46393 | Vaults:5 | Noticed a dread lich
 46404 | Vaults:5 | Identified the +8 arbalest of the Destroying Gods {speed,
                  | Int+4}
 46415 | Vaults:5 | Identified the +0 pair of gloves of Sorcery {rElec rC-
                  | Will++ Regen+}
 46478 | Vaults:5 | Noticed a dread lich
 46483 | Vaults:5 | Killed a dread lich
 46486 | Vaults:5 | Noticed an ancient lich
 46486 | Vaults:5 | Killed a dread lich
 46496 | Vaults:5 | Killed an ancient lich
 46522 | Vaults:5 | Got a silver rune of Zot
 46708 | Vaults:5 | Identified the +3 quarterstaff of the Orb {heavy, Int+4
                  | Stlth+}
 46910 | Vaults:5 | Identified the +10 plate armour of the Dice {rPois}
 47903 | Zot:1    | Entered Level 1 of the Realm of Zot
 47960 | Zot:1    | Identified the +4 scale mail of Ashenzari, Enfolding {*Slow
                  | rPois rN+ Str+7}
 47966 | Zot:1    | Found the +4 dragonskin cloak
 47966 | Zot:1    | Noticed Tiamat
 47976 | Zot:1    | Reached skill level 15 in Armour
 47999 | Zot:1    | Killed Tiamat
 48184 | Zot:1    | Reached skill level 20 in Dodging
 48798 | Zot:2    | Noticed an orb of fire
 48823 | Zot:2    | Killed an orb of fire
 48832 | Zot:2    | Identified Sif Muna's Parchment of The Black Sun
 49201 | Zot:2    | Noticed Koub's ghost (legendary GnFE)
 49202 | Zot:2    | Found a runed translucent door.
 49213 | Zot:2    | Identified the +9 shortbow of the Winnowing Gods
                  | {antimagic, rPois rF+ Dex+3 Stlth+}
 49886 | Zot:3    | Gained mutation: Your mind is acute. (Int +4, Str/Dex -1)
                  | [mutagenic glow]
 51686 | Zot:5    | Entered Level 5 of the Realm of Zot
 51838 | Zot:5    | Found the +2 hood of the Assassin {Detection Stab+ Stlth++}
 52247 | Zot:5    | Noticed an orb of fire
 52260 | Zot:5    | Killed an orb of fire
 52293 | Zot:5    | Noticed an orb of fire
 52324 | Zot:5    | Killed an orb of fire
 52324 | Zot:5    | Noticed an orb of fire
 52347 | Zot:5    | Gained mutation: You are somewhat resistant to further
                  | mutation. [an orb of fire]
 52349 | Zot:5    | Noticed a dread lich
 52369 | Zot:5    | Killed a dread lich
 52370 | Zot:5    | Killed an orb of fire
 52483 | Zot:5    | Noticed an orb of fire
 52492 | Zot:5    | Killed an orb of fire
 52499 | Zot:5    | Noticed a Killer Klown
 52504 | Zot:5    | Killed a Killer Klown
 52598 | Zot:5    | Noticed a dread lich
 52598 | Zot:5    | Noticed a dread lich
 52601 | Zot:5    | Paralysed by a Zot trap for 3 turns
 52606 | Zot:5    | Noticed a Killer Klown
 52615 | Zot:5    | Killed a Killer Klown
 52616 | Zot:5    | Reached skill level 21 in Dodging
 52624 | Zot:5    | Killed a dread lich
 52635 | Zot:5    | Killed a dread lich
 52783 | Zot:5    | Noticed an orb of fire
 52783 | Zot:5    | Noticed an orb of fire
 52784 | Zot:5    | Noticed an orb of fire
 52785 | Zot:5    | Noticed an orb of fire
 52795 | Zot:5    | Killed an orb of fire
 52805 | Zot:5    | Noticed an orb of fire
 52809 | Zot:5    | Noticed an orb of fire
 52812 | Zot:5    | Noticed a Killer Klown
 52992 | Zot:5    | Killed an orb of fire
 52994 | Zot:5    | Killed a Killer Klown
 52998 | Zot:5    | Killed an orb of fire
 53093 | Zot:5    | Gained mutation: You are occasionally teleported next to
                  | monsters. [an orb of fire]
 53113 | Zot:5    | Gained mutation: You are weak. (Str -2) [an orb of fire]
 53126 | Zot:5    | Killed an orb of fire
 53188 | Zot:5    | Killed an orb of fire
 53192 | Zot:5    | Lost mutation: Your mind is acute. (Int +4, Str/Dex -1)
                  | [potion of mutation]
 53192 | Zot:5    | Lost mutation: You are occasionally teleported next to
                  | monsters. [potion of mutation]
 53192 | Zot:5    | Lost mutation: You are somewhat resistant to further
                  | mutation. [potion of mutation]
 53192 | Zot:5    | Gained mutation: You are somewhat resistant to further
                  | mutation. [potion of mutation]
 53283 | Zot:5    | Got the Orb of Zot
 53628 | D:15     | Noticed Derom the pandemonium lord
 53667 | D:12     | Noticed Qaqocs the pandemonium lord
 53687 | D:12     | Killed Qaqocs the pandemonium lord
 53737 | D:11     | Noticed Feufric the pandemonium lord
 53853 | D:7      | Noticed a seraph
 53862 | D:7      | Killed a seraph
 54023 | D:3      | Killed Duvessa
 54087 | D:$      | Escaped with the Orb!

Illustrated notes

Levels and vault maps discovered:
D:1:      dpeg_arrival_more_subterranean_lakeside_camping, layout_rooms
D:2:      layout_basic, minmay_misc_feat_encased, hex_intersection,
          uniq_sigmund, uniq_natasha
D:3:      layout_loops_ring
D:4:      layout_loops_cross, serial_shops, nicolae_square_shop,
          kennysheep_little_box, nicolae_stop_n_shop_1, shop, uniq_duvessa
D:5:      layout_rooms, nicolae_ru_sacrificial_ziggurat,
          minmay_temple_entry_slanted, hangedman_decor_push
D:6:      minmay_evil_eye, layout_basic
D:7:      kennysheep_steamy, layout_basic, serial_shops, nicolae_shop_waterfront
D:8:      layout_loops_ring, tgw_kikubaaqudgha
D:9:      layout_roguey
D:10:     layout_gridville, centaur_isle
D:11:     layout_roguey, lair_entry_dummy, okawaru_ov_weapons_minmay
D:12:     nicolae_cairo_tiling_large_dashed, layout_cross, orc_0_dummy,
          serial_shops, shop, gammafunk_ghost_hydra_chop,
          bh_hangedman_babel_library
D:13:     minmay_gate_of_8, layout_small_grid, grunt_vaults_entry_tiered,
          st_stairs_4, uniq_maurice, uniq_kirke, uniq_frances
D:14:     layout_cave_pools, ebering_ghost_inner_flame, good_gods_temple_1,
          david_defended_altar_orc, uniq_snorg, uniq_jorgrun
D:15:     grunt_enter_depths_snipers, layout_cave_pools, serial_shops,
          nicolae_shop_hallway_plus, nicolae_ashenzari_skybound
Temple:   nicolae_temple_bog_church
Lair:1:   layout_loops_ring, grunt_megastairs_3
Lair:2:   layout_regular_city, nzn_ghost_randoct, portal_ice_cave_entry_imps,
          grunt_forest_small_clearings, lemuel_fruit_fields
Lair:3:   layout_roguey, elwin_shoals_entry_rooms, guppyfry_snake_entry_garden,
          st_stairs_5, minmay_lair_oklob_items,
          eino_small_chamber_without_monster, hangedman_lair_generics_rect,
          uniq_josephine, uniq_sonja
Lair:4:   layout_cave_pods, nicolae_slime_entry_slimehenge,
          minmay_shattered_shrine
Shoals:1: layout_shoals, serial_shops, shop, uniq_donald
Shoals:2: layout_shoals, nicolae_shoals_nautilus_by_nature
Shoals:3: layout_shoals, uniq_polyphemus, uniq_ilsuiw
Shoals:4: shoals_end_hellmonk_lost_city
Snake:1:  layout_grid_shapes, basic_altar, grunt_megastairs_1, uniq_aizul
Snake:2:  layout_chambers, serial_shops, shop, lemuel_fruit_tree,
          grunt_megastairs_2
Snake:3:  layout_grid_shapes, serial_shops, bzr_entry_customers
Snake:4:  snake_pit, layout_cave_town, minmay_snake_pond, uniq_vashnia
Orc:1:    layout_diamond_mine, mines2_lemuel, uniq_harold, uniq_erolcha,
          uniq_urug, uniq_nergalle
Orc:2:    st_orc_congregation, layout_caves
Elf:1:    nicolae_elf_arrival_no_cutting_in_line, layout_geoelf_grid,
          minmay_elf_demonology, minmay_shoptagon
Elf:2:    nicolae_elf_blades_crystal_corner, layout_loops_cross, serial_shops,
          shop_fountains
Elf:3:    minmay_elf_hall_x, layout_loops_corners, serial_shops,
          nicolae_shop_competitors_out_of_business, grunt_megastairs_4
Vaults:1: hangedman_vaults_trim, hangedman_vaults_nails,
          nicolae_vaults_ninety_degrees, v_misc_17, ontoclasm_vaults_hangar,
          v_misc_5, vaults_room_fancy_cross, nicolae_vaults_yaktaur_gun_rack,
          hangedman_vaults_maws, layout_vaults_quadrants
Vaults:2: lightli_enter_wizlab_magi_temple, hangedman_vaults_impose,
          grunt_vaults_hallway_short, vaults_mumra_hexcomb, st_cells,
          nicolae_vaults_three_branches, minmay_crypt_entry_necro_gods,
          hangedman_vaults_locks, nicolae_vaults_stairing_the_circle, v_misc_14,
          v_misc_1, layout_vaults_omnicross
Vaults:3: vaults_mumra_chevron, nicolae_vaults_back_hallway, v_rooms_2,
          nicolae_vaults_statue_guard, vaults_dpeg_spiral, vaults_mumra_hex,
          ontoclasm_vaults_gateway, ontoclasm_vaults_misaligned,
          grunt_vaults_trifunnel, ontoclasm_vaults_ring_large,
          layout_vaults_chaotic_city, serial_shops, nicolae_lakefront_shop
Vaults:4: portal_desolation_entry_holy_temple, nicolae_vaults_network_s,
          ontoclasm_vaults_idyll, vaults_room_door_hall,
          hangedman_vaults_corner, v_misc_31, v_pattern_1, vaults_room_grid,
          vaults_standard_mumra_lines, v_misc_19, grunt_vaults_hallway_long,
          v_misc_25, vaults_dpeg_doors, vaults_room_hallway,
          layout_vaults_maze_bifur, uniq_xtahua, uniq_margery, uniq_saint_roka,
          uniq_sojobo
Vaults:5
Depths:1: hellmonk_ruined_rings, layout_small_grid, hell_entry,
          chequers_serial_rivers_large_a, kennysheep_small_circle
Depths:2: evilmike_negative_zone, layout_gridlike, hell_entry,
          rand_demon_pan_entry_9, serial_rivers, chequers_serial_rivers_micro_e,
          chequers_serial_rivers_small_b, chequers_serial_rivers_marsh,
          chequers_serial_rivers_room_b, chequers_serial_rivers_room_a,
          infiniplex_staircase_hallway_doors
Depths:3: minmay_spriggan_fort, layout_cave_pools, enter_trove_5,
          grunt_mini_vestibule, rand_demon_pan_entry_7, abyss_entry_crystal,
          minmay_shop_grove, infiniplex_staircase_spiral, uniq_josephina
Depths:4: grunt_zot_entry_gee_three, layout_long_grid, enter_ziggurat_f,
          abyss_entry_small_statue_room, pf_hell_entry_tar_river,
          hangedman_decor_riveting, moated_statue
Zot:1:    layout_misc_corridors, uniq_tiamat
Zot:2:    dreamdust_black_sun_cult, layout_gridville, gammafunk_ghost_grave,
          grunt_ministairs_5
Zot:3:    layout_twisted_circle
Zot:4:    layout_basic
Zot:5:    layout_gridlike, kennysheep_underground_church

Skill      XL: |  1  2  3  4  5  6  7  8  9 10 11 12 13 14 15 16 17 18 19 20 21 22 23 24 25 26 27 |
---------------+----------------------------------------------------------------------------------+-----
Fighting       | 1 3 4 5 7 9 11 12 13 14 15 16 17 18 19 20 | 20.4
Spellcasting   | 4 5 6 7 9 10 11 12 13 14 15 16 18 | 18.4
Shields        | 3 5 7 8 9 10 11 12 13 17 | 17.3
Evocations     | 4 6 7 8 9 10 12 13 14 15 16 19 | 19.7
Dodging        | 5 7 8 9 10 11 13 14 15 16 17 18 21 | 21.4
Long Blades    | 1 4 5 7 8 13 | 13.0
Armour         | 5 6 8 9 10 11 12 16 | 16.8
Throwing       | 4 5 7 |  7.6
Stealth        | 4 |  4.9

Action                   |  1- 3 |  4- 6 |  7- 9 | 10-12 | 13-15 | 16-18 | 19-21 | 22-24 | 25-27 || total
-------------------------+-------+-------+-------+-------+-------+-------+-------+-------+-------++-------
Melee: Unarmed           |       |       |       |     1 |       |       |       |       |       ||     1
       Falchion          |       |       |       |     1 |       |       |       |       |       ||     1
       Demon blade       |       |       |       |       |   223 |   296 |   773 |  1031 |  1563 ||  3886
 Cast: Magic Dart        |    31 |       |       |       |       |       |       |       |       ||    31
       Sandblast         |     5 |    62 |   140 |   100 |     8 |       |       |       |       ||   315
       Inner Flame       |       |       |     8 |     3 |       |       |       |       |       ||    11
       Poisonous Vapours |       |       |     3 |     4 |       |       |       |       |       ||     7
       Summon Lightning  |       |       |     2 |    33 |    72 |    71 |    49 |    25 |    44 ||   296
       Iskenderun's Myst |       |       |     2 |     5 |     2 |       |     3 |     6 |     2 ||    20
       Fulminant Prism   |       |       |     2 |     2 |     4 |     4 |       |       |     1 ||    13
       Summon Forest     |       |       |       |    23 |    39 |    47 |    37 |    15 |    40 ||   201
       Eringya's Noxious |       |       |       |       |    15 |     8 |     2 |     1 |     4 ||    30
       Lee's Rapid Decon |       |       |       |       |       |    14 |       |     1 |       ||    15
       Simulacrum        |       |       |       |       |       |     7 |   131 |    65 |    45 ||   248
       Necromutation     |       |       |       |       |       |       |    12 |    22 |    31 ||    65
       Lehudib's Crystal |       |       |       |       |       |       |       |       |    40 ||    40
       Dragon's Call     |       |       |       |       |       |       |       |       |    33 ||    33
Invok: Curse Item        |       |       |     1 |     2 |     4 |     2 |     3 |       |     4 ||    16
       Shatter the Chain |       |       |       |       |       |     1 |     2 |     2 |     2 ||     7
Evoke: Wand              |       |       |       |       |     2 |       |       |       |       ||     2
       Piece from Xom's  |       |       |       |       |       |     4 |       |       |       ||     4
  Use: Scroll            |       |       |    17 |    10 |     4 |     1 |     3 |     2 |    16 ||    53
       Potion            |       |       |       |       |     1 |       |       |     1 |     5 ||     7
 Stab: Betrayed ally     |       |       |       |     1 |       |       |       |       |       ||     1
       Distracted        |       |       |       |       |     7 |    12 |    11 |     8 |    49 ||    87
       Paralysed         |       |       |       |       |     2 |       |       |       |       ||     2
       Sleeping          |       |       |       |       |     1 |     2 |     5 |     4 |     8 ||    20
       Petrified         |       |       |       |       |       |       |     2 |       |       ||     2
       Invisible         |       |       |       |       |       |       |       |       |     5 ||     5
Armor: Robe              |       |     6 |    26 |    13 |       |       |       |       |       ||    45
       Acid dragon scale |       |       |       |     4 |       |       |       |       |       ||     4
       Troll leather arm |       |       |       |     1 |    68 |    32 |    94 |   177 |   211 ||   583
       Storm dragon scal |       |       |       |       |       |       |       |       |    93 ||    93
Dodge: Dodged            |     2 |    19 |    74 |    57 |   182 |   260 |   459 |   555 |   672 ||  2280
Block: Buckler           |       |       |       |     4 |    26 |       |       |       |       ||    30
       Kite shield       |       |       |       |       |   185 |   326 |   603 |   882 |  1228 ||  3224
       Reflection        |       |       |       |       |       |       |       |       |     4 ||     4

Table legend: (Time is in decaauts)
 A = Elapsed time spent in this place.
 B = Non-inter-level travel time spent in this place.
 C = Inter-level travel time spent in this place.
 D = Time resting spent in this place.
 E = Time spent auto-exploring this place.
 F = Levels seen in this place.
 G = Mean time per level.
                   A        B        C        D        E       F      G
               +--------+--------+--------+--------+--------+-----+--------+
         Total |  53154 |  47135 |   6019 |    961 |  34209 |  52 | 1022.2 |
       Dungeon |  14929 |  12676 |   2253 |    465 |   9869 |  15 |  995.3 |
        Temple |    187 |    139 |     48 |      0 |    121 |   1 |  187.0 |
          Lair |   4375 |   3655 |    720 |      0 |   2771 |   4 | 1093.8 |
        Shoals |   3710 |   3533 |    177 |     29 |   2661 |   4 |  927.5 |
     Snake Pit |   4008 |   3838 |    170 |     23 |   2818 |   4 | 1002.0 |
  Orcish Mines |   1397 |   1271 |    126 |      0 |    815 |   2 |  698.5 |
   Elven Halls |   2878 |   2616 |    262 |      0 |   2056 |   3 |  959.3 |
        Vaults |   8699 |   7336 |   1363 |    394 |   4816 |   5 | 1739.8 |
        Depths |   5583 |   4969 |    614 |      0 |   3583 |   4 | 1395.8 |
           Zot |   5343 |   5060 |    283 |      0 |   3634 |   5 | 1068.6 |
        Bazaar |    230 |    230 |      0 |      0 |    108 |   1 |  230.0 |
         Trove |     50 |     50 |      0 |      0 |      6 |   1 |   50.0 |
      Ice Cave |    617 |    617 |      0 |      4 |    336 |   1 |  617.0 |
        Wizlab |    526 |    526 |      0 |     46 |    232 |   1 |  526.0 |
    Desolation |    615 |    615 |      0 |      0 |    383 |   1 |  615.0 |
               +--------+--------+--------+--------+--------+-----+--------+

Top non-repeatable levels by time:
Vaults:1: 2362 daAuts
Depths:2: 2114 daAuts
Vaults:4: 1750 daAuts
Vaults:3: 1724 daAuts
Vaults:2: 1685 daAuts
   Zot:5: 1557 daAuts
 Snake:4: 1351 daAuts
    D:12: 1350 daAuts
     D:7: 1313 daAuts
Depths:3: 1299 daAuts
   Zot:2: 1294 daAuts
   Elf:3: 1275 daAuts
 Snake:2: 1253 daAuts
     D:5: 1215 daAuts
  Lair:3: 1193 daAuts
